 Dungeon Crawl Stone Soup version 0.30-a0-311-gf115ab0292 (webtiles) character file.

Game seed: 436127731975291810

29 Powertoast the Chopper (level 3, -8/31 HPs)
             Began as a Hill Orc Fighter on Oct 25, 2022.
             Mangled by Edmund
             ... wielding a +1 dire flail of protection
              (9 damage)
             ... on level 4 of the Dungeon.
             The game lasted 00:04:39 (1321 turns).

Powertoast the Chopper (Hill Orc Fighter)           Turns: 1321, Time: 00:04:39

Health: -8/31      AC:  5    Str: 20    XL:     3   Next: 16%
Magic:  3/3        EV: 10    Int: 20    God:
Gold:   124        SH:  0    Dex: 10    Spells: 1/2 levels left

rFire   . . .      SeeInvis .    a - +1 war axe
rCold   . . .      Faith    .    j - orb {light}
rNeg    . . .      Spirit   .    q - +0 ring mail {Will+}
rPois   .          Reflect  .    (no helmet)
rElec   .          Harm     .    (no cloak)
rCorr   .          Rampage  .    (no gloves)
Will    .....                    (no boots)
Stlth   ..........               (no amulet)
HPRegen 0.25/turn                e - +6 ring of intelligence
MPRegen 0.08/turn                i - +6 ring of intelligence

@: mighty, weak-willed, glowing
A: no striking features
a: no special abilities


You were on level 4 of the Dungeon.
You visited 1 branch of the dungeon, and saw 4 of its levels.

You collected 124 gold pieces.

Inventory:

Hand Weapons
 a - a +1 war axe (weapon)
Missiles
 g - 6 poisoned darts (quivered)
 n - 3 atropa-tipped darts
Armour
 b - a +0 scale mail
 c - a +0 buckler
 j - an orb of light (worn)
 q - a +0 ring mail of willpower (worn)
Jewellery
 e - a +6 ring of intelligence (left hand)
 i - a +6 ring of intelligence (right hand)
Wands
 r - a wand of flame (13)
Scrolls
 o - a scroll of immolation
Potions
 f - 3 potions of curing
 h - 3 potions of degeneration {unknown}
 k - a potion of resistance {unknown}
 p - a potion of attraction {unknown}


   Skills:
 - Level 3.6 Fighting
 + Level 4.7 Axes
 - Level 3.2 Armour
 - Level 3.2 Shields


You had one spell level left.
You knew the following spells:

 Your Spells              Type           Power      Damage    Failure   Level
a - Sting                 Tmut/Pois      0%         1d3       32%         1

Your spell library contained the following spells:

 Spells                   Type           Power      Damage    Failure   Level
 Summon Small Mammal      Summ           0%         N/A       32%         1
 Poisonous Vapours        Pois/Air       0%         N/A       43%         2
 Call Canine Familiar     Summ           0%         N/A       67%         3
 Summon Guardian Golem    Hex/Summ       0%         N/A       67%         3
 Olgreb's Toxic Radiance  Pois           0%         N/A       97%         4


Dungeon Overview and Level Annotations

Branches:
Dungeon (4/15)
 Temple: D:4-7

Altars:

Shops:
D:3 [

Annotations:
D:4 Edmund


Message History

You hit Edmund but do no damage.
Edmund is lightly wounded.
Edmund hits you with a +1 dire flail of protection.
You hit Edmund.
Edmund is lightly wounded.
Edmund hits you with a +1 dire flail of protection!
You hit Edmund.
Edmund is moderately wounded.
Edmund hits you with a +1 dire flail of protection.
The ball python bites you.
* * * LOW HITPOINT WARNING * * *
The ball python grabs you. The ball python constricts you.
Edmund hits you with a +1 dire flail of protection.
* * * LOW HITPOINT WARNING * * *
You are too injured to fight recklessly!
You are too injured to fight recklessly!
You hit Edmund.
Edmund is moderately wounded.
You hit the ball python.
The ball python bites you but does no damage.
The ball python constricts you. Edmund barely misses you.
The ball python barely misses you. The ball python constricts you.
You hit Edmund but do no damage.
Edmund is moderately wounded.
You barely miss the ball python.
Edmund hits you with a +1 dire flail of protection.
* * * LOW HITPOINT WARNING * * *
The ball python bites you but does no damage.
The ball python constricts you.
* * * LOW HITPOINT WARNING * * *
You feel very mighty all of a sudden. The ball python barely misses you.
The ball python constricts you. Edmund hits you but does no damage.
Okay, then.
You slice Edmund!!
Edmund is severely wounded.
You hit the ball python.
You kill the ball python!
Edmund hits you with a +1 dire flail of protection!
You die...

##############
#...$.........
###.).@.........
.......@<.......
................
.............###
................
...##........##.
#. .......#... .
###.#####.#.. ..
#..


You could see Edmund.

Vanquished Creatures
  A dart slug (D:3)
  7 ball pythons
  3 bats
  3 goblins (D:1)
  5 hobgoblins
  A quokka (D:3)
  A frilled lizard (D:1)
  2 kobolds
  4 rats
27 creatures vanquished.

Notes
Turn   | Place    | Note
-------+----------+-------------------------------------------
     0 | D:1      | Powertoast the Hill Orc Fighter began the quest for the
                  | Orb.
     0 | D:1      | Reached XP level 1. HP: 19/19 MP: 1/1
    54 | D:1      | Reached skill level 3 in Axes
   159 | D:1      | Reached XP level 2. HP: 24/26 MP: 2/2
   438 | D:2      | Reached skill level 4 in Axes
   455 | D:2      | Learned a level 1 spell: Sting
   876 | D:3      | Reached XP level 3. HP: 31/31 MP: 3/3
   890 | D:3      | Found Ligemuud's Antique Armour Shoppe.
  1312 | D:4      | Noticed Edmund
  1319 | D:4      | HP: 1/31 [constriction (1)]
  1321 | D:4      | Mangled by Edmund

Illustrated notes

Levels and vault maps discovered:
D:1:      dpeg_arrival_simpleton_c, layout_basic
D:2:      layout_basic
D:3:      layout_basic, serial_shops, nicolae_square_shop
D:4:      kennysheep_the_goblin_king, layout_basic,
          minmay_temple_entry_mini_moons, serial_shops, nicolae_lakefront_shop,
          shop, nicolae_shop_trees, uniq_edmund, uniq_grinder

Skill      XL: |  1  2 |
---------------+-------+-----
Axes           | 3 4 |  4.7
Fighting       | |  3.6
Armour         | |  3.2
Shields        | |  3.2

Action                   || total
-------------------------++-------
Melee: War axe           ||    72
  Use: Scroll            ||     8
       Potion            ||     1
Armor: Scale mail        ||    25
       Ring mail         ||     5
Dodge: Dodged            ||    39
Block: Buckler           ||     7

Table legend: (Time is in decaauts)
 A = Elapsed time spent in this place.
 B = Non-inter-level travel time spent in this place.
 C = Inter-level travel time spent in this place.
 D = Time resting spent in this place.
 E = Time spent auto-exploring this place.
 F = Levels seen in this place.
 G = Mean time per level.
                   A        B        C        D        E       F      G
               +--------+--------+--------+--------+--------+-----+--------+
         Total |   1342 |   1268 |     74 |      0 |   1024 |   4 |  335.5 |
       Dungeon |   1342 |   1268 |     74 |      0 |   1024 |   4 |  335.5 |
               +--------+--------+--------+--------+--------+-----+--------+

Top non-repeatable levels by time:
     D:3: 475 daAuts
     D:1: 437 daAuts
     D:2: 418 daAuts
     D:4: 10 daAuts
